 Dungeon Crawl Stone Soup version 0.29.0-13-gc9e81de378 (webtiles) character file.

Game seed: 8140802758104081107

30 Ofeo the Conjurer (level 3, 0/26 HPs)
             Began as a Meteoran Conjurer on Sept 9, 2022.
             Slain by a goblin
             ... wielding a +0 club
             ... led by Robin
              (3 damage)
             ... on level 3 of the Dungeon.
             The game lasted 00:01:52 (221 turns).

Ofeo the Conjurer (Meteoran Conjurer)                Turns: 221, Time: 00:01:52

Health: 0/26       AC:  6    Str: 13    XL:     3   Next: 55%
Magic:  0/8        EV: 12    Int: 20    God:
Gold:   32         SH:  0    Dex: 11    Spells: 7/8 levels left

rFire   + . .      SeeInvis .   (no weapon)
rCold   + . .      Faith    .   (no shield)
rNeg    . . .      Spirit   .   a - +0 robe
rPois   +          Reflect  .   (no helmet)
rElec   +          Harm     .   (no cloak)
rCorr   +          Rampage  .   (no gloves)
Will    .....                   (no boots)
Stlth   +.........              (no amulet)
HPRegen 0.08/turn               c - +4 ring of protection
MPRegen 0.11/turn               (no ring)

@: resistant, glowing
A: sense surroundings 1, otherworldly, glowing, explore regen, electricity
resistance, strong 1, MP-powered wands
a: no special abilities


You were on level 3 of the Dungeon.
You visited 1 branch of the dungeon, and saw 3 of its levels.

You collected 32 gold pieces.

Inventory:

Armour
 a - a +0 robe (worn)
Jewellery
 c - a +4 ring of protection (left hand)
Scrolls
 d - a scroll of blinking {unknown}
 g - a scroll of magic mapping {unknown}


   Skills:
 + Level 3.0 Dodging
 + Level 1.8 Stealth
 + Level 3.2 Spellcasting
 + Level 5.1 Conjurations


You had 7 spell levels left.
You knew the following spells:

 Your Spells              Type           Power      Damage    Failure   Level
a - Magic Dart            Conj           92%        1d7       1%          1

Your spell library contained the following spells:

 Spells                   Type           Power      Damage    Failure   Level
 Searing Ray              Conj           46%        2d6       2%          2
 Dazzling Flash           Conj/Hex       26%        N/A       14%         3
 Tukima's Dance           Hex            3%         N/A       38%         3
 Fulminant Prism          Conj/Hex       6%         3d7       43%         4
 Iskenderun's Mystic Bla  Conj/Tloc      13%        2d5       43%         4
 Passage of Golubria      Tloc           3%         N/A       80%         4
 Yara's Violent Unravell  Hex/Tmut       1%         3d3       98%         5


Dungeon Overview and Level Annotations

Branches:
Dungeon (3/15) Zot: 1579

Altars:


Innate Abilities, Weirdness & Mutations

You passively map a small area around you.
You are easily found by Zot.
You glow in the dark.
You regain HP and MP as you explore.
You are resistant to electric shocks. (rElec)
Your muscles are strong. (Str +4, Int/Dex -1)
You expend magic power (3 MP) to strengthen your wands.


Message History

Robin barely misses you.
Things that are here:
a +0 dagger; a goblin corpse You hit Robin.
Robin is almost dead.
Robin barely misses you. The goblin hits you with a +0 club.
* * * LOW HITPOINT WARNING * * *
The goblin misses you.
You take 2 damage, and have 5/26 hp.
Casting: Magic Dart (safe; 1% risk of failure)
Confirm with . or Enter, or press ? or * to list all spells.
Aiming: Magic Dart (safe; 1% risk of failure)
Press: ? - help, Shift-Dir - straight line, p - Robin The magic dart hits Robin.
You kill Robin!
The goblin hits you with a +0 club.
* * * LOW HITPOINT WARNING * * *
The goblin hits you but does no damage.
Your Dodging skill increases to level 3!
You take 2 damage, and have 3/26 hp.
You now have 0/8 mp.
A goblin comes into view. It is wielding a +0 club.
The goblin shouts!
The goblin no longer looks unusually strong.
Items here: ) [[ †.
It was a potion of resistance.
You feel protected. The goblin hits you but does no damage.
It was a potion of mutation.
You feel extremely strange.
You feel your magical essence link to the dungeon's wands.
You feel insulated.
You feel stronger.
The goblin hits you but does no damage. x2
You closely miss the goblin. The goblin closely misses you.
The goblin completely misses you.
You hit the goblin.
The goblin is moderately wounded.
The goblin closely misses you. The goblin hits you but does no damage.
You hit the goblin.
You kill the goblin!
The goblin hits you with a +0 club.
You die...

.......# #.# #.# ....#..#
#.# .#.# ....#..###.###.#.#
....##...#.#...#.#
....##.#.#.#.# #.# ,
######.#.....###.###########
#.###.#....g#.........# #.#
#.#####g#.........# * *#.#
#.# #@#.........# ,, ..# #.#
#)#..)......# * #### #.#
#...........# ##### #.#
###.........# * , ....# #.#
#.######### ....# #..# * *,
....# * ##.# ....## , #.#
.....# #)## *


You could see 2 goblins.

Vanquished Creatures
  Robin (D:3)
  A ball python (D:1)
  A bat (D:3)
  3 hobgoblins (D:3)
  2 quokkas (D:3)
  8 goblins
16 creatures vanquished.

Notes
Turn   | Place    | Note
-------+----------+-------------------------------------------
     0 | D:1      | Ofeo the Meteoran Conjurer began the quest for the Orb.
     0 | D:1      | Reached XP level 1. HP: 14/14 MP: 5/5
   101 | D:3      | Reached XP level 2. HP: 20/20 MP: 3/6
   180 | D:3      | Noticed Robin
   181 | D:3      | Reached skill level 5 in Conjurations
   205 | D:3      | Reached XP level 3. HP: 13/26 MP: 5/8
   215 | D:3      | Killed Robin
   218 | D:3      | Gained mutation: You expend magic power (3 MP) to
                  | strengthen your wands. [potion of mutation]
   218 | D:3      | Gained mutation: You are resistant to electric shocks.
                  | (rElec) [potion of mutation]
   218 | D:3      | Gained mutation: Your muscles are strong. (Str +4, Int/Dex
                  | -1) [potion of mutation]
   221 | D:3      | Slain by a goblin

Illustrated notes

Levels and vault maps discovered:
D:1:      grunt_arrival_crossed_arrows, layout_loops_ring,
          grunt_decor_resistance, serial_bayou_pond_b
D:2:      layout_basic, basic_altar, grunt_decor_clamped,
          uniq_crazy_yiuf_cottage, uniq_jessica
D:3:      layout_basic, chequers_ecumenical_altar_island, serial_curves,
          eino_curves_03, eino_curves_04, uniq_robin

Skill      XL: |  1  2  3 |
---------------+----------+-----
Spellcasting   | 3 |  3.2
Conjurations   | 5 |  5.1
Dodging        | 3 |  3.0
Stealth        | |  1.8

Action                   || total
-------------------------++-------
Melee: Unarmed           ||     5
 Cast: Magic Dart        ||    25
  Use: Potion            ||     3
Armor: Robe              ||    14
Dodge: Dodged            ||    17
